 Dungeon Crawl Stone Soup version 0.26-a0-1040-gbe3abf3417 (webtiles) character file.

Game seed: 1432721257180949279

15668 robertstho the Frost Mage (level 12, -1/91 HPs)
             Began as a Gnoll Ice Elementalist on Dec 11, 2020.
             Was an Elder of Vehumet.
             Slain by a freezing wraith (18 damage)
             ... in an ice cave.
             The game lasted 00:21:01 (9636 turns).

robertstho the Frost Mage (Gnoll Ice Elementalist)  Turns: 9636, Time: 00:21:01

Health: -1/91      AC: 13    Str: 12    XL:     12   Next: 29%
Magic:  12/33      EV: 16    Int: 21    God:    Vehumet [****..]
Gold:   149        SH:  0    Dex: 19    Spells: 10/28 levels left

rFire    + + .     SeeInvis +   A - +11 spear "Watiolud" {venom, Fragile rPois rF+ Dex+3}
rCold    x . .     Faith    .   (no shield)
rNeg     . . .     Spirit   .   B - +1 ring mail of Yrghos {Regen+ SInv Stlth+} (curse)
rPois    +         Reflect  .   M - +2 hat {Will+}
rElec    .         Harm     .   h - +0 cloak
rCorr    .         Rampage  .   o - +0 pair of gloves
Will     +....                  H - +0 pair of boots
Stlth    +++++.....             j - amulet of regeneration
HPRegen  1.05/turn              C - ring of magical power
MPRegen  0.23/turn              E - ring of fire

@: no status effects
A: distributed training, fangs 1, strong nose
a: Renounce Religion


You were in an ice cave.
You worshipped Vehumet.
Vehumet was greatly pleased with you.
You visited 3 branches of the dungeon, and saw 12 of its levels.
You also visited: Ice Cave.

You collected 623 gold pieces.
You spent 474 gold pieces at shops.

Inventory:

Hand Weapons
 p - a +1 flail of holy wrath
 A - the +11 spear "Watiolud" (weapon) {venom, Fragile rPois rF+ Dex+3}
   (You took it off an orc on level 5 of the Dungeon)

   It poisons the flesh of those it strikes.
   It affects your dexterity (+3).
   It protects you from fire.
   It protects you from poison.
   It will be destroyed if unequipped.
 K - a +1 scimitar of flaming
Missiles
 e - 5 curare-tipped darts
Armour
 h - a +0 cloak (worn)
 o - a +0 pair of gloves (worn)
 B - the cursed +1 ring mail of Yrghos (worn) {Regen+ SInv Stlth+}
   (You took it off an orc on level 5 of the Dungeon)

   It lets you see invisible.
   It increases your rate of regeneration.
   It makes you more stealthy.
   It has a curse placed upon it.
 H - a +0 pair of boots (worn)
 M - a +2 hat of willpower (worn)
Jewellery
 j - an amulet of regeneration (around neck)
 C - a ring of magical power (left hand)
 E - a ring of fire (right hand)
Wands
 z - a wand of iceblast (9)
Scrolls
 a - a scroll of fog
 f - 3 scrolls of enchant weapon
 n - 4 scrolls of remove curse
 q - 2 scrolls of immolation
 s - a scroll of amnesia
 y - 3 scrolls of teleportation
 F - 2 scrolls of enchant armour
 G - 3 scrolls of summoning
Potions
 c - 4 potions of curing
 g - 2 potions of haste
 k - 2 potions of brilliance
 l - 3 potions of might
 m - a potion of lignification
 r - 2 potions of flight
 v - a potion of magic


   Skills:
 + Level 7.1 Fighting
 + Level 7.1 Short Blades
 + Level 7.1 Long Blades
 + Level 7.1 Axes
 + Level 7.1 Maces & Flails
 + Level 7.1 Polearms
 + Level 7.1 Staves
 + Level 7.1 Slings
 + Level 7.1 Bows
 + Level 7.1 Crossbows
 + Level 7.1 Throwing
 + Level 7.1 Armour
 + Level 8.6 Dodging
 + Level 8.3 Stealth
 + Level 7.1 Shields
 + Level 7.1 Unarmed Combat
 + Level 8.8 Spellcasting
 + Level 5.9 Conjurations
 + Level 5.9 Hexes
 + Level 5.9 Summonings
 + Level 5.9 Necromancy
 + Level 5.9 Translocations
 + Level 5.9 Transmutations
 + Level 5.9 Fire Magic
 + Level 9.3 Ice Magic
 + Level 5.9 Air Magic
 + Level 5.9 Earth Magic
 + Level 5.9 Poison Magic
 + Level 7.8 Invocations
 + Level 7.1 Evocations


You had 10 spell levels left.
You knew the following spells:

 Your Spells              Type           Power        Failure   Level
a - Freeze                Ice            ####         1%          1
b - Frozen Ramparts       Ice            #####.       1%          3
c - Ozocubu's Armour      Ice            #####...     1%          3
d - Hailstorm             Conj/Ice       #####...     1%          4
e - Summon Ice Beast      Ice/Summ       #####...     6%          4
f - Dazzling Flash        Conj/Hex       ####..       1%          3

Your spell library contained the following spells:

 Spells                   Type           Power        Failure   Level
 Iskenderun's Mystic Bla  Conj/Tloc      ####....     3%          4
 Confusing Touch          Hex            ####....     3%          3
 Gell's Gravitas          Tloc           ####......   3%          3
 Yara's Violent Unravell  Hex/Tmut       ####......   10%         5
 Petrify                  Tmut/Erth      ####....     12%         4
 Metabolic Englaciation   Hex/Ice        #####.....   17%         5


Dungeon Overview and Level Annotations

Branches:
Dungeon (10/15)            Temple (1/1) D:5            Lair (1/6) D:10
    Orc (0/2) D:9           IceCv (1/1)

Altars:
Ashenzari
Cheibriados
Dithmenos
Elyvilon
Fedhas
Gozag
Hepliaklqana
Kikubaaqudgha
Makhleb
Nemelex Xobeh
Okawaru
Qazlal
Ru
Sif Muna
Trog
Uskayaw
Vehumet
Wu Jian
Xom
Yredelemnul
Zin
The Shining One
Beogh

Shops:
D:5 [!   D:8 :?:   D:10 (

Annotations:
D:8 3 runed translucent doors


Innate Abilities, Weirdness & Mutations

Your experience applies equally to all skills.
You have very sharp teeth.
Your uncanny sense of smell can sniff out nearby items.


Message History

The freezing wraith completely resists.
Your ice beast hits the freezing wraith.
Your ice beast freezes the freezing wraith.
The freezing wraith completely resists.
You swap places.
Your ice beast hits the freezing wraith but does no damage.
The freezing wraith barely misses your ice beast. x2
Your ice beast closely misses the freezing wraith.
Your ice beast hits the freezing wraith but does no damage.
You feel better.
Your ice beast is no longer moving slowly.
Your ice beast disappears in a puff of smoke!
The freezing wraith barely misses your ice beast.
The freezing wraith hits your ice beast!
The freezing wraith drains your ice beast's vigour!
Your ice beast seems to slow down.
The freezing wraith hits you.
* * * LOW HITPOINT WARNING * * *
The freezing wraith freezes you!!
You feel a terrible chill!
You die...

#... ##.#..
##.. ##.....
###...
##......
##..W#
####.......
#...#
##..........
#.ยง###
##....###....
#..WY##
#...### ###..
##.YY.##
#..## ###
###W@.###...#
##...###..##
##...###..##
##...###..##
###.......#
###....##
######


You could see 2 freezing wraiths and 3 friendly ice beasts.

Vanquished Creatures
  Gastronok (D:9)
  Erica (D:8)
  4 two-headed ogres
  3 death yaks (D:10)
  A black mamba (Lair:1)
  Maurice (D:10)
  2 cane toads (Lair:1)
  A centaur skeleton (D:9)
  A komodo dragon (Lair:1)
  2 ice devils (Lair:1)
  2 freezing wraiths (IceCv)
  A troll (D:10)
  A wolf spider simulacrum (IceCv)
  5 yaks
  Sigmund (D:5)
  5 water moccasins
  A black bear (D:7)
  4 orc warriors
  4 ice beasts (IceCv)
  2 phantoms (D:7)
  2 sky beasts
  7 ogres
  3 centaurs
  3 big kobolds
  4 bullfrogs
  3 scorpions
  A water moccasin skeleton (D:10)
  A swamp dragon simulacrum (IceCv)
  5 killer bees (D:10)
  3 wights (D:6)
  5 howler monkeys
  A hound (D:6)
  4 jellies
  A bullfrog zombie (D:5)
  9 orc priests
  5 orc wizards
  A gnoll shaman (D:7)
  2 iguanas (D:10)
  2 bullfrog skeletons (D:7)
  Ijyb (D:5)
  6 worker ants
  A polar bear simulacrum (IceCv)
  A hound zombie (D:7)
  A worker ant zombie (D:6)
  13 adders
  8 gnolls
  A river rat (D:10)
  A shadow imp (D:6)
  3 white imps
  A nameless horror (D:6)
  5 oozes (D:8)
  An adder zombie (D:7)
  An adder skeleton (D:7)
  5 worms
  3 dart slugs (D:2)
  3 leopard geckos
  30 orcs
  6 giant cockroaches
  6 goblins
  3 hobgoblins (D:1)
  2 jackals (D:5)
  7 quokkas
  4 bats
  5 frilled lizards
  16 kobolds
  A leopard gecko skeleton (D:6)
  A leopard gecko zombie (D:5)
  A quokka skeleton (D:5)
  4 rats
246 creatures vanquished.

Vanquished Creatures (collateral kills)
  The ghost of lordvenom1 the Firebug, a novice DgFE (D:5)
  2 yaks (Lair:1)
  An ice beast (IceCv)
  An alligator simulacrum (IceCv)
  A wight (D:6)
  A howler monkey (D:5)
  A hound zombie (D:5)
  An adder (D:7)
  3 white imps (IceCv)
12 creatures vanquished.

Vanquished Creatures (others)
  A bullfrog (D:7)
  2 iguanas (D:7)
  A worker ant (D:7)
  4 orcs (D:7)
  A jackal (D:7)
  A quokka zombie (D:7)
  A fungus (Lair:1)
  4 plants
15 creatures vanquished.

Grand Total: 273 creatures vanquished

Notes
Turn   | Place    | Note
-------+----------+-------------------------------------------
     0 | D:1      | robertstho the Gnoll Ice Elementalist began the quest for
                  | the Orb.
     0 | D:1      | Reached XP level 1. HP: 13/13 MP: 6/6
   377 | D:1      | Reached XP level 2. HP: 10/19 MP: 5/7
   938 | D:1      | Reached XP level 3. HP: 24/25 MP: 6/9
   942 | D:1      | Learned a level 3 spell: Frozen Ramparts
   946 | D:1      | Learned a level 3 spell: Ozocubu's Armour
  1149 | D:2      | Reached skill level 5 in Spellcasting
  1273 | D:2      | Reached skill level 1 in Invocations
  1389 | D:2      | Found a hazy altar of Hepliaklqana.
  1575 | D:2      | Reached skill level 1 in Fighting
  1575 | D:2      | Reached skill level 1 in Short Blades
  1575 | D:2      | Reached skill level 1 in Long Blades
  1575 | D:2      | Reached skill level 1 in Axes
  1575 | D:2      | Reached skill level 1 in Maces & Flails
  1575 | D:2      | Reached skill level 1 in Polearms
  1575 | D:2      | Reached skill level 1 in Staves
  1575 | D:2      | Reached skill level 1 in Slings
  1575 | D:2      | Reached skill level 1 in Bows
  1575 | D:2      | Reached skill level 1 in Crossbows
  1575 | D:2      | Reached skill level 1 in Throwing
  1575 | D:2      | Reached skill level 1 in Armour
  1575 | D:2      | Reached skill level 1 in Shields
  1575 | D:2      | Reached skill level 1 in Unarmed Combat
  1575 | D:2      | Reached skill level 1 in Evocations
  1575 | D:2      | Reached XP level 4. HP: 28/32 MP: 9/11
  1698 | D:2      | Found a glowing golden altar of the Shining One.
  1699 | D:2      | Found an iron altar of Okawaru.
  1813 | D:3      | Reached skill level 1 in Conjurations
  1813 | D:3      | Reached skill level 1 in Hexes
  1813 | D:3      | Reached skill level 1 in Summonings
  1813 | D:3      | Reached skill level 1 in Necromancy
  1813 | D:3      | Reached skill level 1 in Translocations
  1813 | D:3      | Reached skill level 1 in Transmutations
  1813 | D:3      | Reached skill level 1 in Fire Magic
  1813 | D:3      | Reached skill level 1 in Air Magic
  1813 | D:3      | Reached skill level 1 in Earth Magic
  1813 | D:3      | Reached skill level 1 in Poison Magic
  1948 | D:3      | Found a basalt altar of Yredelemnul.
  2174 | D:3      | Reached XP level 5. HP: 37/37 MP: 12/12
  2444 | D:3      | Learned a level 4 spell: Hailstorm
  2849 | D:4      | Reached XP level 6. HP: 34/44 MP: 9/13
  2935 | D:4      | Learned a level 4 spell: Summon Ice Beast
  3074 | D:4      | Reached skill level 5 in Dodging
  3299 | D:5      | Entered Level 5 of the Dungeon
  3299 | D:5      | Found Alynuj's Distillery.
  3299 | D:5      | Noticed a sky beast
  3312 | D:5      | Killed a sky beast
  3349 | D:5      | Bought a potion of curing for 39 gold pieces
  3349 | D:5      | Bought a potion of heal wounds for 65 gold pieces
  3349 | D:5      | Bought a potion of attraction for 39 gold pieces
  3349 | D:5      | Bought a potion of curing for 39 gold pieces
  3349 | D:5      | Bought a potion of magic for 104 gold pieces
  3364 | D:5      | Reached XP level 7. HP: 48/50 MP: 3/15
  3506 | D:5      | Found a runed translucent gate.
  3507 | D:5      | Found a runed translucent gate.
  3508 | D:5      | Found a roughly hewn altar of Beogh.
  3508 | D:5      | Found a runed translucent gate.
  3509 | D:5      | Noticed lordvenom1's ghost (novice DgFE)
  3511 | D:5      | Identified the +11 spear "Watiolud" {venom, Fragile rPois
                  | rF+ Dex+3}
  3511 | D:5      | Identified the cursed +1 ring mail of Yrghos {Regen+ SInv
                  | Stlth+}
  3833 | D:5      | Noticed Ijyb
  3842 | D:5      | Killed Ijyb
  3880 | D:5      | Found a staircase to the Ecumenical Temple.
  3979 | D:5      | Reached skill level 5 in Stealth
  4127 | D:5      | Noticed Sigmund
  4167 | D:5      | Killed Sigmund
  4168 | D:5      | Reached XP level 8. HP: 50/57 MP: 7/16
  4241 | D:5      | Found Waghoh's Armour Shop.
  4487 | D:5      | Killed lordvenom1's ghost
  4602 | Temple   | Entered the Ecumenical Temple
  4797 | Temple   | Became a worshipper of Vehumet
  5575 | D:7      | Reached XP level 9. HP: 65/65 MP: 18/18
  5660 | D:7      | Found a sparkling altar of Nemelex Xobeh.
  5672 | D:7      | Noticed a two-headed ogre
  5760 | D:7      | Reached * piety under Vehumet
  5760 | D:7      | Offered knowledge of Magic Dart by Vehumet.
  5866 | D:7      | Reached skill level 8 in Ice Magic
  5966 | D:7      | Found a shimmering altar of Xom.
  6118 | D:8      | Found Xunnos's Book Emporium.
  6207 | D:8      | Found Erud's Book Shoppe.
  6211 | D:8      | Noticed Erica
  6218 | D:8      | Killed Erica
  6219 | D:8      | Reached skill level 5 in Invocations
  6266 | D:8      | Reached XP level 10. HP: 73/73 MP: 20/20
  6292 | D:8      | Found a sacrificial altar of Ru.
  6351 | D:8      | Found a runed translucent gate.
  6351 | D:8      | Found a runed translucent gate.
  6352 | D:8      | Found a runed translucent gate.
  6352 | D:8      | Noticed a red ugly thing
  6365 | D:8      | Noticed a two-headed ogre
  6371 | D:8      | Reached ** piety under Vehumet
  6371 | D:8      | Offered knowledge of Foxfire by Vehumet.
  6373 | D:8      | Killed a two-headed ogre
  6374 | D:8      | Reached skill level 5 in Fighting
  6374 | D:8      | Reached skill level 5 in Short Blades
  6374 | D:8      | Reached skill level 5 in Long Blades
  6374 | D:8      | Reached skill level 5 in Axes
  6374 | D:8      | Reached skill level 5 in Maces & Flails
  6374 | D:8      | Reached skill level 5 in Polearms
  6374 | D:8      | Reached skill level 5 in Staves
  6374 | D:8      | Reached skill level 5 in Slings
  6374 | D:8      | Reached skill level 5 in Bows
  6374 | D:8      | Reached skill level 5 in Crossbows
  6374 | D:8      | Reached skill level 5 in Throwing
  6374 | D:8      | Reached skill level 5 in Armour
  6374 | D:8      | Reached skill level 5 in Shields
  6374 | D:8      | Reached skill level 5 in Unarmed Combat
  6374 | D:8      | Reached skill level 5 in Evocations
  6580 | D:8      | Found Xutius's Magic Scroll Shop.
  6583 | D:8      | Bought a scroll of vulnerability for 97 gold pieces
  6583 | D:8      | Bought a scroll of identify for 26 gold pieces
  6583 | D:8      | Bought a scroll of teleportation for 39 gold pieces
  6583 | D:8      | Bought a scroll of identify for 26 gold pieces
  6591 | D:8      | Noticed a brown ugly thing
  6592 | D:8      | Noticed a green ugly thing
  6593 | D:8      | Noticed a brown ugly thing
  6594 | D:8      | Noticed a green ugly thing
  6923 | D:9      | Found a hide-covered altar of Uskayaw.
  6926 | D:9      | Noticed a +0 hand axe
  6926 | D:9      | Noticed a +0 hand axe
  7175 | D:9      | Found a staircase to the Orcish Mines.
  7221 | D:9      | Noticed a two-headed ogre
  7230 | D:9      | Killed a two-headed ogre
  7230 | D:9      | Offered knowledge of Mephitic Cloud by Vehumet.
  7323 | D:9      | Noticed Gastronok
  7333 | D:9      | Killed a two-headed ogre
  7348 | D:9      | Killed Gastronok
  7349 | D:9      | Reached skill level 5 in Conjurations
  7349 | D:9      | Reached skill level 5 in Hexes
  7349 | D:9      | Reached skill level 5 in Summonings
  7349 | D:9      | Reached skill level 5 in Necromancy
  7349 | D:9      | Reached skill level 5 in Translocations
  7349 | D:9      | Reached skill level 5 in Transmutations
  7349 | D:9      | Reached skill level 5 in Fire Magic
  7349 | D:9      | Reached skill level 5 in Air Magic
  7349 | D:9      | Reached skill level 5 in Earth Magic
  7349 | D:9      | Reached skill level 5 in Poison Magic
  7349 | D:9      | Reached XP level 11. HP: 79/81 MP: 22/22
  7399 | D:9      | Reached *** piety under Vehumet
  7664 | D:9      | Found an ornate altar of the Wu Jian Council.
  7670 | D:9      | Found a blossoming altar of Fedhas.
  7697 | D:10     | Entered Level 10 of the Dungeon
  7784 | D:10     | Noticed Maurice
  7786 | D:10     | Noticed a two-headed ogre
  7794 | D:10     | Killed a two-headed ogre
  7802 | D:10     | Killed Maurice
  8046 | D:10     | Noticed a death yak
  8049 | D:10     | Noticed a death yak
  8051 | D:10     | Found a staircase to the Lair.
  8053 | D:10     | Noticed a death yak
  8067 | D:10     | Killed a death yak
  8067 | D:10     | Offered knowledge of Dazzling Flash by Vehumet.
  8068 | D:10     | Reached skill level 9 in Ice Magic
  8077 | D:10     | Killed a death yak
  8182 | D:10     | Found Dinich's Antique Weapon Shoppe.
  8560 | D:10     | Killed a death yak
  8735 | Lair:1   | Entered Level 1 of the Lair of Beasts
  8797 | Lair:1   | Reached XP level 12. HP: 89/89 MP: 24/24
  8831 | Lair:1   | Learned a level 3 spell: Dazzling Flash
  8955 | Lair:1   | Reached **** piety under Vehumet
  9040 | Lair:1   | Found a frozen archway.
  9050 | Lair:1   | Offered knowledge of Iskenderun's Mystic Blast by Vehumet.
  9065 | IceCv    | Entered an ice cave
  9636 | IceCv    | Slain by a freezing wraith

Illustrated notes

Levels and vault maps discovered:
D:1:      lightli_arrival_farm, layout_loops_ring
D:2:      layout_rooms, gammafunk_temple_overflow_pools,
          lemuel_coloured_pillars_altar
D:3:      layout_loops_ring, lemuel_round_altar, minmay_misc_feat_tiny
D:4:      layout_loops_ring
D:5:      layout_basic, minmay_temple_entry_glassed_door, serial_shops, shop,
          shop_coins, biasface_ghost_orc_armoury, uniq_ijyb, uniq_sigmund
D:6:      layout_rooms
D:7:      layout_basic, xom_confusion_cloud, nicolae_overflow_hidden_temple,
          minmay_between
D:8:      layout_cave_pools, ploomutoo_gammafunk_ghost_potion_laboratory,
          serial_shops, kennysheep_mini_moat, nicolae_shop_trees,
          nicolae_shop_stone, basic_altar, hangedman_little_slice_of_home,
          uniq_erica
D:9:      layout_small_grid, dancing_weapons_uskayaw,
          amethyst_overflow_temple_binary, orc_0_dummy,
          minmay_misc_feat_four_crosses, serial_bayou_crossing, uniq_gastronok
D:10:     layout_loops_corners, dpeg_lair_monsters, serial_shops, shop,
          uniq_maurice
Temple:   nicolae_temple_figure_eight
Lair:1:   layout_regular_city, portal_ice_cave_demonic_guard, grunt_megastairs_1
IceCv:    ice_cave_small_necro

Skill      XL: |  1  2  3  4  5  6  7  8  9 10 11 12 |
---------------+-------------------------------------+-----
Spellcasting   | 5 6 7 8 |  8.8
Invocations    | 1 2 3 4 5 6 7 |  7.8
Fighting       | 1 2 3 4 6 7 |  7.1
Short Blades   | 1 2 3 4 6 7 |  7.1
Long Blades    | 1 2 3 4 6 7 |  7.1
Axes           | 1 2 3 4 6 7 |  7.1
Maces & Flails | 1 2 3 4 6 7 |  7.1
Polearms       | 1 2 3 4 6 7 |  7.1
Staves         | 1 2 3 4 6 7 |  7.1
Slings         | 1 2 3 4 6 7 |  7.1
Bows           | 1 2 3 4 6 7 |  7.1
Crossbows      | 1 2 3 4 6 7 |  7.1
Throwing       | 1 2 3 4 6 7 |  7.1
Armour         | 1 2 3 4 6 7 |  7.1
Shields        | 1 2 3 4 6 7 |  7.1
Unarmed Combat | 1 2 3 4 6 7 |  7.1
Evocations     | 1 2 3 4 6 7 |  7.1
Conjurations   | 1 2 3 5 |  5.9
Hexes          | 1 2 3 5 |  5.9
Summonings     | 1 2 3 5 |  5.9
Necromancy     | 1 2 3 5 |  5.9
Translocations | 1 2 3 5 |  5.9
Transmutations | 1 2 3 5 |  5.9
Fire Magic     | 1 2 3 5 |  5.9
Air Magic      | 1 2 3 5 |  5.9
Earth Magic    | 1 2 3 5 |  5.9
Poison Magic   | 1 2 3 5 |  5.9
Dodging        | 5 6 7 8 |  8.6
Stealth        | 5 6 7 8 |  8.3
Ice Magic      | 8 9 |  9.3

Action                   |  1- 3 |  4- 6 |  7- 9 | 10-12 || total
-------------------------+-------+-------+-------+-------++-------
Melee: Short sword       |    65 |    65 |    58 |       ||   188
       Unarmed           |     9 |       |       |       ||     9
       Bite              |    14 |     8 |    20 |    32 ||    74
       Punch             |       |     1 |       |     5 ||     6
       Spear             |       |       |   131 |   327 ||   458
 Cast: Freeze            |    12 |     3 |       |       ||    15
       Frozen Ramparts   |       |    11 |    19 |    17 ||    47
       Summon Ice Beast  |       |     1 |    10 |    36 ||    47
       Hailstorm         |       |       |     1 |     6 ||     7
       Dazzling Flash    |       |       |       |     1 ||     1
  Use: Scroll            |       |     5 |       |    13 ||    18
       Potion            |       |       |     1 |     3 ||     4
 Stab: Sleeping          |     5 |    10 |    10 |    11 ||    36
       Distracted        |       |       |     4 |     6 ||    10
Armor: Robe              |    10 |    12 |    12 |       ||    34
       Ring mail         |       |       |    17 |    75 ||    92
Dodge: Dodged            |    50 |    46 |   114 |   178 ||   388

Table legend: (Time is in decaauts)
 A = Elapsed time spent in this place.
 B = Non-inter-level travel time spent in this place.
 C = Inter-level travel time spent in this place.
 D = Time resting spent in this place.
 E = Time spent auto-exploring this place.
 F = Levels seen in this place.
 G = Mean time per level.
                   A        B        C        D        E       F      G
               +--------+--------+--------+--------+--------+-----+--------+
         Total |   9588 |   9143 |    445 |    299 |   7122 |  13 |  737.5 |
       Dungeon |   8498 |   8132 |    366 |     52 |   6622 |  10 |  849.8 |
        Temple |    216 |    176 |     40 |      0 |    175 |   1 |  216.0 |
          Lair |    314 |    276 |     38 |      0 |    140 |   1 |  314.0 |
      Ice Cave |    558 |    558 |      0 |    247 |    185 |   1 |  558.0 |
               +--------+--------+--------+--------+--------+-----+--------+

Top non-repeatable levels by time:
     D:5: 1324 daAuts
     D:1: 1114 daAuts
    D:10: 1013 daAuts
     D:4: 853 daAuts
     D:9: 810 daAuts
     D:8: 767 daAuts
     D:2: 712 daAuts
     D:6: 681 daAuts
     D:3: 638 daAuts
     D:7: 582 daAuts
   IceCv: 558 daAuts
  Lair:1: 314 daAuts
  Temple: 216 daAuts
